 Dungeon Crawl Stone Soup version 0.29-a0-360-g8ed1089bbe (webtiles) character file.

Game seed: 12363579630692742016

88 sammy202020 the Skirmisher (level 4, -6/29 HPs)
             Began as a Gargoyle Fighter on Apr 29, 2022.
             Mangled by an orc
             ... wielding a +0 flail
              (8 damage)
             ... on level 3 of the Dungeon.
             The game lasted 00:03:50 (2457 turns).

sammy202020 the Skirmisher (Gargoyle Fighter)       Turns: 2457, Time: 00:03:51

Health: -6/29      AC: 11    Str: 20    XL:     4   Next: 54%
Magic:  4/4        EV:  9    Int: 10    God:
Gold:   119        SH:  4    Dex:  9    Spells: 3/3 levels left

rFire   . . .      SeeInvis +   a - +0 flail
rCold   . . .      Faith    .   c - +0 buckler
rNeg    + . .      Spirit   .   b - +0 scale mail
rPois   ∞          Reflect  .   (no helmet)
rElec   +          Harm     .   (no cloak)
rCorr   .          Rampage  .   i - +0 pair of gloves
Will    .....                   (no boots)
Stlth   ..........              (no amulet)
HPRegen 0.09/turn               n - ring of see invisible
MPRegen 0.09/turn               (no ring)

@: no status effects
A: sickness immunity, AC +3, negative energy resistance 1, electricity
resistance, torment resistance 1, petrification resistance
a: no special abilities


You were on level 3 of the Dungeon.
You visited 1 branch of the dungeon, and saw 3 of its levels.

You collected 119 gold pieces.

Inventory:

Hand Weapons
 a - a +0 flail (weapon)
Missiles
 m - 6 boomerangs (quivered)
Armour
 b - a +0 scale mail (worn)
 c - a +0 buckler (worn)
 i - a +0 pair of gloves (worn)
Jewellery
 n - a ring of see invisible (left hand)
Scrolls
 f - a scroll of teleportation {unknown}
 h - 4 scrolls of identify {unknown}
 j - a scroll of silence {unknown}
 k - 2 scrolls of immolation {unknown}
 l - a scroll of magic mapping {unknown}
 o - a scroll of blinking {unknown}
 p - a scroll of fear {unknown}
 q - a scroll of enchant weapon {unknown}
 r - a scroll of enchant armour {unknown}
Potions
 d - 2 potions of might
 e - 2 potions of brilliance {unknown}
 g - a potion of heal wounds {unknown}
 s - a potion of curing {unknown}


   Skills:
 * Level 4.2 Fighting
 * Level 3.0 Maces & Flails
 + Level 3.8 Armour
 + Level 3.7 Shields


You had 3 spell levels left.
You didn't know any spells.
Your spell library contained the following spells:

 Spells                   Type           Power      Damage    Failure   Level
 Dispersal                Tloc           0%         N/A       100%        6
 Disjunction              Tloc           0%         N/A       100%        8


Dungeon Overview and Level Annotations

Branches:
Dungeon (3/15)

Altars:


Innate Abilities, Weirdness & Mutations

You are immune to sickness and miasma.
Your stone body is resilient. (AC +3)
You are immune to poison.
You resist negative energy. (rN+)
You are resistant to electric shocks. (rElec)
You are resistant to unholy torment.
You are immune to petrification.


Message History

You barely miss the orc.
The orc is heavily wounded.
The orc barely misses you.
You barely miss the orc.
The orc is heavily wounded.
The orc hits you with a +0 trident.
* * * LOW HITPOINT WARNING * * *
The orc completely misses you.
You sock the orc!
You kill the orc!
You see here a +0 trident.
Items here: ))) [[ †.
Okay, then.
An orc comes into view. It is wielding a +0 war axe.
An orc is nearby!
An orc is nearby!
You are too injured to fight recklessly!
You are too injured to fight recklessly!
You are too injured to fight recklessly!
You are too injured to fight recklessly!
You are too injured to fight recklessly!
You are too injured to fight recklessly!
You barely miss the orc.
An orc comes into view. It is wielding a +0 flail.
The orc hits you with a +0 war axe.
* * * LOW HITPOINT WARNING * * *
You barely miss the orc.
The orc shouts!
The orc barely misses you. The orc hits you but does no damage.
You sock the orc!
You kill the orc!
Things that are here:
a +0 war axe; an orc corpse
Found a stone staircase leading down.
The orc barely misses you.
You barely miss the orc. The orc hits you with a +0 flail.
* * * LOW HITPOINT WARNING * * *
You closely miss the orc. The orc hits you with a +0 flail.
* * * LOW HITPOINT WARNING * * *
The orc hits you with a +0 flail!
You die...

#.........#
.####........#
#......<.)..##
#####....#)##
#...##.##
#...##..#
#...###.#
#...# #)#
....# #@#
###..##.o.#
#.....#
>........
###.....###
##...## ##.##
#.#


You could see an orc.

Vanquished Creatures
  An orc wizard (D:3)
  An adder (D:2)
  2 dart slugs (D:2)
  4 orcs (D:3)
  5 endoplasms
  A giant cockroach (D:2)
  7 goblins (D:1)
  2 hobgoblins (D:1)
  3 jackals (D:2)
  6 kobolds
  A quokka (D:2)
  2 ball pythons (D:2)
  A bat (D:2)
  4 frilled lizards
  3 rats
43 creatures vanquished.

Notes
Turn   | Place    | Note
-------+----------+-------------------------------------------
     0 | D:1      | sammy202020 the Gargoyle Fighter began the quest for the
                  | Orb.
     0 | D:1      | Reached XP level 1. HP: 14/14 MP: 1/1
   155 | D:1      | Reached XP level 2. HP: 11/19 MP: 2/2
   342 | D:1      | Found a faded altar of an unknown god.
  1214 | D:1      | Reached XP level 3. HP: 24/24 MP: 3/3
  1957 | D:2      | Reached skill level 4 in Fighting
  2394 | D:3      | Reached XP level 4. HP: 20/29 MP: 4/4
  2457 | D:3      | Mangled by an orc

Illustrated notes

Levels and vault maps discovered:
D:1:      lightli_arrival_statue_moat, layout_rooms, serial_corexii_hall,
          corexii_hall_statues_i, corexii_hall_statues_x,
          shapermc_ecumenical_altar_venn
D:2:      layout_basic, minmay_pentomino_z4
D:3:      layout_loops_ring, lemuel_coloured_pillars_altar,
          gammafunk_ghost_smash, minmay_ogre_servants, uniq_natasha

Skill      XL: |  1  2  3  4 |
---------------+-------------+-----
Fighting       | 4 |  4.2
Maces & Flails | 3 |  3.0
Armour         | |  3.8
Shields        | |  3.7

Action                   |  1- 3 |  4- 6 || total
-------------------------+-------+-------++-------
Melee: Flail             |   141 |    24 ||   165
Armor: Scale mail        |    86 |    16 ||   102
Dodge: Dodged            |    72 |    15 ||    87
Block: Buckler           |    32 |     4 ||    36

Table legend: (Time is in decaauts)
 A = Elapsed time spent in this place.
 B = Non-inter-level travel time spent in this place.
 C = Inter-level travel time spent in this place.
 D = Time resting spent in this place.
 E = Time spent auto-exploring this place.
 F = Levels seen in this place.
 G = Mean time per level.
                   A        B        C        D        E       F      G
               +--------+--------+--------+--------+--------+-----+--------+
         Total |   2508 |   2483 |     25 |    385 |   1610 |   3 |  836.0 |
       Dungeon |   2508 |   2483 |     25 |    385 |   1610 |   3 |  836.0 |
               +--------+--------+--------+--------+--------+-----+--------+

Top non-repeatable levels by time:
     D:1: 1399 daAuts
     D:2: 1025 daAuts
     D:3: 82 daAuts
